 Dungeon Crawl Stone Soup version 0.19.4-10-g532645f (webtiles) character file.

8447 Galewin the Severer (level 11, -1/89 HPs)
             Began as a Minotaur Berserker on Feb 23, 2017.
             Was a High Priest of Trog.
             Slain by a thrashing horror (2 damage)
             ... on level 2 of the Abyss.
             The game lasted 00:30:49 (8070 turns).

Galewin the Severer (Minotaur Berserker)            Turns: 8070, Time: 00:30:49

Health: -1/89      AC: 20    Str: 22    XL:     11   Next: 10%
Magic:  10/10      EV:  7    Int:  4    God:    Trog [*****.]
Gold:   262        SH:  0    Dex: 11    Spells: 0 memorised, 10 levels left

rFire  . . .     SeeInvis .     v - +2 battleaxe
rCold  . . .     Gourm    +     o - +0 plate armour
rNeg   + . .     Faith    .     (shield currently unavailable)
rPois  .         Spirit   .     (helmet restricted)
rElec  .         Reflect  .     n - +2 cloak
rCorr  .         Harm     .     x - +2 pair of gloves
MR     .....                    (no boots)
Stlth  ..........               p - amulet of the gourmand
                                m - ring of positive energy
                                (no ring)

@: about to teleport, slightly contaminated
A: retaliatory headbutt, hooves 1, horns 2, icy blue scales 1, weak 1
a: Berserk, Trog's Hand, Brothers in Arms, Burn Spellbooks, Renounce Religion


You were on level 2 of the Abyss.
You worshipped Trog.
Trog was extremely pleased with you.
You were very full.

You visited 1 branch of the dungeon, and saw 12 of its levels.
You visited the Abyss 1 time.

You collected 632 gold pieces.
You spent 370 gold pieces at shops.

Inventory:

Hand Weapons
 v - a +2 battleaxe (weapon)
Armour
 n - a +2 cloak (worn)
 o - a +0 plate armour (worn)
 x - a +2 pair of gloves (worn)
Jewellery
 j - an uncursed ring of ice
 m - a ring of positive energy (right hand)
 p - an amulet of the gourmand (around neck)
 s - an uncursed ring of flight
 t - an uncursed amulet of faith
 u - an uncursed ring of protection from magic {unknown}
 C - an uncursed ring of see invisible {unknown}
Wands
 a - a wand of polymorph (8/24)
 f - a wand of iceblast (15/15)
 l - a wand of confusion (33/48)
 w - a wand of iceblast (7/15)
 G - a wand of digging (13/24)
 I - a wand of slowing (29/48)
Scrolls
 b - 3 scrolls of teleportation
 i - 2 scrolls of magic mapping
 k - 8 scrolls of remove curse
 B - a scroll of recharging
 J - a scroll of identify
Potions
 d - 2 potions of brilliance
 e - 3 potions of lignification
 q - a potion of cure mutation {unknown}
 r - 2 potions of curing
 z - 2 potions of heal wounds
 D - a potion of resistance
 H - a potion of magic {unknown}
Miscellaneous
 y - a box of beasts
Comestibles
 c - 10 bread rations
 g - 5 fruits
 h - 6 meat rations
 A - a royal jelly
 E - 8 beef jerkies


   Skills:
 + Level 6.0 Fighting
 * Level 18.1 Axes
 + Level 5.2 Armour
 - Level 2.1 Dodging


You had 10 spell levels left.
You didn't know any spells.

Dungeon Overview and Level Annotations

Branches:
Dungeon (12/15)            Temple (0/1) D:5            Lair (0/6) D:9
    Orc (0/2) D:9

Altars:
Ashenzari
Okawaru
Uskayaw
Xom
Zin
The Shining One

Shops:
D:4 (   D:5 [   D:8 }


Innate Abilities, Weirdness & Mutations

You reflexively headbutt those who attack you in melee.
You have a pair of horns on your head.
You have large cloven feet.
You are partially covered in icy blue scales. (AC +2)
You are weak. (Str -2)


Message History

The thrashing horror tramples you!
* * * LOW HITPOINT WARNING * * *
You stumble backwards!
The raiju bursts into living lightning!
The living lightning hits you!
The raiju blinks!
Found a phial of floods.
You feel better. The sixfirhy closely misses you.
The sixfirhy hits you but does no damage. x3
The thrashing horror tramples you but does no damage. x2
The raiju bursts into living lightning!
The living lightning misses the raiju.
The living lightning hits the sixfirhy.
The sixfirhy completely resists.
The living lightning misses you.
The raiju blinks! x3
You feel less contaminated with magical energies.
You feel better. The sixfirhy barely misses you. The sixfirhy hits you!
* * * LOW HITPOINT WARNING * * *
The sixfirhy shocks you!
* * * LOW HITPOINT WARNING * * *
The thrashing horror tramples you.
You die...

. ##.}..... ##
..#.......# ..
.........##.#
#.........##
#...h.....#
##.......#
##........#
..#..@X.....#
........3.....#
....#....h..###
...
##......##### .
# ##..?.... #
#......h...$..
#....h....##[#
#........ยง####
#........#...##


You could see a thrashing horror, a sixfirhy and 4 raiju.

Vanquished Creatures
  The ghost of Liquid the Martial Artist, a novice DsGl of Cheibriados (D:10)
  The ghost of Liquid the Spear-Bearer, a novice NaMo of Cheibriados (D:8)
  A cyclops (D:11)
  A gargoyle (D:6)
  A troll (D:9)
  A two-headed ogre (D:9)
  Prince Ribbit (D:6)
  A meliai zombie (D:11)
  A hippogriff (D:7)
  6 yaks (D:8)
  A hungry ghost (D:8)
  The ghost of Stiffzip the Spear-Bearer, an amateur MfGl of Cheibriados (D:4)
  Menkaure (D:6)
  2 ice beasts (D:7)
  2 sky beasts
  4 orc warriors
  A black bear (D:6)
  4 ogres
  5 centaurs
  A big kobold (D:7)
  6 bullfrogs
  A water moccasin zombie (D:5)
  A wyvern skeleton (D:6)
  2 scorpions
  5 killer bees (D:8)
  14 wights
  A howler monkey (D:7)
  A centaur zombie (D:5)
  4 crimson imps
  4 hounds
  A centaur skeleton (D:8)
  8 orc priests
  A jelly (D:5)
  An iguana (D:10)
  9 orc wizards
  6 worker ants
  2 hound zombies (D:5)
  A hound skeleton (D:4)
  6 worker ant zombies
  Robin (D:3)
  12 adders
  2 shadow imps
  An ooze (D:6)
  An adder skeleton (D:6)
  2 adder zombies (D:5)
  5 worms
  A dart slug (D:1)
  8 leopard geckos
  31 orcs
  4 giant cockroaches
  16 goblins
  7 hobgoblins
  14 jackals
  16 kobolds
  7 quokkas
  A ball python (D:3)
  8 bats
  5 frilled lizards
  A giant cockroach zombie (D:6)
  A jackal skeleton (D:4)
  A jackal zombie (D:5)
  A leopard gecko zombie (D:5)
  A quokka skeleton (D:5)
  8 rats
266 creatures vanquished.

Vanquished Creatures (others)
  4 starspawn tentacles (Abyss:2)
4 creatures vanquished.

Grand Total: 270 creatures vanquished

Notes
Turn   | Place    | Note
-------+----------+-------------------------------------------
     0 | D:1      | Galewin the Minotaur Berserker began the quest for the Orb.
     0 | D:1      | Reached XP level 1. HP: 19/19 MP: 0/0
    39 | D:1      | Reached skill level 4 in Axes
    89 | D:1      | Reached XP level 2. HP: 25/26 MP: 1/1
   644 | D:2      | Reached skill level 5 in Axes
   661 | D:2      | Reached XP level 3. HP: 31/31 MP: 2/2
   771 | D:2      | Reached ** piety under Trog
   975 | D:2      | Reached skill level 6 in Axes
   975 | D:2      | Reached XP level 4. HP: 28/39 MP: 3/3
  1363 | D:3      | Noticed a bullfrog
  1370 | D:3      | Killed a bullfrog
  1370 | D:3      | Reached skill level 7 in Axes
  1370 | D:3      | Reached XP level 5. HP: 25/45 MP: 4/4
  1410 | D:3      | Noticed Robin
  1427 | D:3      | Killed Robin
  1431 | D:3      | Reached *** piety under Trog
  2091 | D:4      | Found Ucselic's Antique Weapon Shoppe.
  2107 | D:4      | Bought a battleaxe for 130 gold pieces
  2197 | D:4      | Reached skill level 8 in Axes
  2204 | D:4      | Reached XP level 6. HP: 30/51 MP: 5/5
  2270 | D:4      | Noticed Stiffzip's ghost (amateur MfGl)
  2275 | D:4      | Killed Stiffzip's ghost
  2275 | D:4      | Reached skill level 9 in Axes
  2562 | D:5      | Entered Level 5 of the Dungeon
  2571 | D:5      | Found Plog's Antique Armour Emporium.
  2680 | D:5      | Reached XP level 7. HP: 45/57 MP: 6/6
  2699 | D:5      | Found a staircase to the Ecumenical Temple.
  2862 | D:5      | Reached skill level 10 in Axes
  3017 | D:5      | Reached **** piety under Trog
  3130 | D:5      | Found a glowing silver altar of Zin.
  3131 | D:5      | Found a hide-covered altar of Uskayaw.
  3309 | D:5      | Reached skill level 11 in Axes
  3601 | D:6      | Reached XP level 8. HP: 64/64 MP: 7/7
  3609 | D:6      | Found a shattered altar of Ashenzari.
  3867 | D:6      | Noticed a gargoyle
  3874 | D:6      | Killed a gargoyle
  3874 | D:6      | Reached skill level 12 in Axes
  4123 | D:6      | Reached skill level 13 in Axes
  4283 | D:6      | Noticed Menkaure
  4286 | D:6      | Noticed Prince Ribbit
  4347 | D:6      | Killed Prince Ribbit
  4347 | D:6      | Reached XP level 9. HP: 70/70 MP: 8/8
  4424 | D:6      | Reached skill level 14 in Axes
  4440 | D:6      | Killed Menkaure
  4763 | D:6      | Found an iron altar of Okawaru.
  5124 | D:7      | Reached skill level 15 in Axes
  5571 | D:7      | Reached skill level 16 in Axes
  5624 | D:7      | Identified Sif Muna's Compendium of Shifting Boosts
  5802 | D:8      | Reached XP level 10. HP: 50/77 MP: 9/9
  6039 | D:8      | Found Padakk's Gadget Emporium.
  6044 | D:8      | Bought a box of beasts for 240 gold pieces
  6072 | D:8      | Noticed Liquid's ghost (novice NaMo)
  6072 | D:8      | Reached ***** piety under Trog
  6082 | D:8      | Killed Liquid's ghost
  6082 | D:8      | Reached skill level 17 in Axes
  6529 | D:8      | Gained mutation: You are weak. (Str -2) [potion of mutation]
  6529 | D:8      | Gained mutation: You are partially covered in icy blue scales. (AC +2) [potion of mutation]
  6529 | D:8      | Gained mutation: You have large cloven feet. [potion of mutation]
  6926 | D:9      | Found a shimmering altar of Xom.
  6960 | D:9      | You fall through a shaft for 3 floors!
  6995 | D:11     | Noticed a cyclops
  7002 | D:11     | Killed a cyclops
  7042 | D:11     | Reached skill level 5 in Fighting
  7080 | D:10     | Entered Level 10 of the Dungeon
  7081 | D:10     | Noticed Liquid's ghost (novice DsGl)
  7219 | D:10     | Killed Liquid's ghost
  7349 | D:10     | Reached skill level 18 in Axes
  7355 | D:10     | Reached XP level 11. HP: 88/88 MP: 10/10
  7444 | D:9      | Found a glowing golden altar of the Shining One.
  7541 | D:9      | Reached skill level 5 in Armour
  7593 | D:9      | Found a staircase to the Lair.
  7608 | D:9      | Found a staircase to the Orcish Mines.
  7869 | D:9      | Noticed a wizard
  7870 | D:9      | Cast into level 2 of the Abyss (a wizard)
  7912 | Abyss:2  | Noticed a starcursed mass
  7944 | Abyss:2  | Noticed a deep elf mage
  8040 | Abyss:2  | Noticed a tentacled starspawn
  8058 | Abyss:2  | Noticed a sixfirhy
  8058 | Abyss:2  | Noticed a thrashing horror
  8070 | Abyss:2  | HP: 1/89 [sixfirhy (11)]
  8070 | Abyss:2  | Slain by a thrashing horror

Skill      XL: |  1  2  3  4  5  6  7  8  9 10 11 |
---------------+----------------------------------+-----
Axes           | 4 5 6 7 8 9 11 13 16 18 | 18.1
Fighting       | 5 6 |  6.0
Armour         | 4 5 |  5.2
Dodging        | |  2.1

Action                   |  1- 3 |  4- 6 |  7- 9 | 10-12 || total
-------------------------+-------+-------+-------+-------++-------
Melee: Hand axe          |    76 |    87 |       |       ||   163
       Headbutt          |    13 |    16 |    40 |    40 ||   109
       Battleaxe         |       |    53 |   222 |   230 ||   505
       Kick              |       |       |       |    47 ||    47
Invok: Berserk           |     1 |     3 |     9 |     5 ||    18
       Burn Spellbooks   |       |     1 |       |     2 ||     3
       Trog's Hand       |       |       |     2 |     2 ||     4
  Use: Scroll            |     5 |     7 |     5 |     9 ||    26
       Potion            |       |     7 |       |     8 ||    15
  Eat: Chunk             |     1 |     8 |    17 |    26 ||    52
       Fruit             |       |       |     2 |       ||     2
       Bread ration      |       |       |     1 |       ||     1
Armor: Ring mail         |    15 |    32 |       |       ||    47
       Scale mail        |       |     3 |    97 |    27 ||   127
       Plate armour      |       |       |       |   117 ||   117
Dodge: Dodged            |    59 |    90 |   103 |    91 ||   343
